 Dungeon Crawl Stone Soup version 0.30-a0-862-g1aabd4f9c5 (webtiles) character file.

Game seed: 3965317595855245315

59385 Zenkrye the Fighter (level 15, -2/126 HPs)
             Began as a Human Cinder Acolyte on Mar 8, 2023.
             Was a High Priest of Ignis.
             Slain by a death yak (10 damage)
             ... on level 5 of the Lair of Beasts on Mar 9, 2023.
             The game lasted 01:09:43 (19901 turns).

Zenkrye the Fighter (Human Cinder Acolyte)         Turns: 19901, Time: 01:09:43

Health: -2/126     AC: 22    Str: 26    XL:     15   Next: 33%
Magic:  22/22      EV:  6    Int: 12    God:    Ignis [*****.]
Gold:   309        SH: 13    Dex: 10    Spells: 20/24 levels left

rFire   + + +      SeeInvis +    m - +0 trident
rCold   . . .      Faith    .    S - +2 kite shield
rNeg    . . .      Spirit   .    L - +1 plate armour {rF+}
rPois   .          Reflect  .    k - +2 helmet
rElec   .          Rampage  +    B - +0 cloak
rCorr   +          Rage     50%  (no gloves)
Will    +++..                    T - +1 pair of boots {rampage} Stlth
                                 b - necklace of Bloodlust {Fury *Rage Will++ Int-3 Slay+6}
HPRegen 0.41/turn                e - ring of Dim Light {rF+ rCorr Slay+5 SInv}
MPRegen 0.18/turn                H - +6 ring of strength

@: on berserk cooldown
A: no striking features
a: Renounce Religion, Fiery Armour, Foxfire Swarm, Rising Flame


You were on level 5 of the Lair of Beasts.
You worshipped Ignis.
Ignis was extremely pleased with you.
You visited 2 branches of the dungeon, and saw 16 of its levels.
You also visited: Bailey and Ice Cave.

You collected 1087 gold pieces.
You spent 778 gold pieces at shops.

Inventory:

Hand Weapons
 a - a +0 spear of flaming
 l - a +1 sling of electrocution
 m - a +0 trident (weapon)
 I - a +3 spear
Missiles
 h - 17 boomerangs (quivered)
 u - 35 poisoned darts
 E - 11 curare-tipped darts
Armour
 k - a +2 helmet (worn)
 s - a +0 scale mail
 B - a +0 cloak (worn)
 L - a +1 plate armour of fire resistance (worn)
 R - a +0 tower shield of cold resistance
 S - a +2 kite shield (worn)
 T - a +1 pair of boots of rampaging (worn)
Jewellery
 b - the necklace of Bloodlust (around neck) {Fury *Rage Will++ Int-3 Slay+6}
   (You found it in a bailey)

   [amulet of nothing]

   Fury:      It extends the wearer's berserk rage when killing foes.
   Int:       It affects your intelligence (-3).
   Slay:      It affects your accuracy & damage with ranged weapons and melee
   (+6).
   *Rage:     It berserks you when you make melee attacks (+50% chance).
   Will:      It greatly increases your willpower.
 e - the ring of Dim Light (left hand) {rF+ rCorr Slay+5 SInv}
   (You bought it in a shop on level 1 of the Dungeon)

   [ring of see invisible]

   Slay:      It affects your accuracy & damage with ranged weapons and melee
   (+5).
   rF:        It protects you from fire.
   SInv:      It lets you see invisible.
   rCorr:     It protects you from acid and corrosion.
 p - a +4 ring of protection
 t - a +6 ring of intelligence
 H - a +6 ring of strength (right hand)
 P - the ring of Misoan {rF+ rC+}
   (You found it on level 10 of the Dungeon)

   [ring of protection from fire]

   rF:        It protects you from fire.
   rC:        It protects you from cold.
Wands
 c - a wand of digging (5) {@v1}
 y - a wand of paralysis (15)
 C - a wand of iceblast (14) {@v4}
 F - a wand of light (11)
 G - a wand of flame (15)
 J - a wand of polymorph (2)
 N - a wand of mindburst (10)
Scrolls
 i - 7 scrolls of identify {@r1}
 o - a scroll of fear
 q - 2 scrolls of amnesia
 w - a scroll of enchant weapon
 D - 5 scrolls of fog
 K - 2 scrolls of teleportation {@r3}
 Q - a scroll of immolation
 V - 2 scrolls of magic mapping
 W - a scroll of poison
Potions
 d - 6 potions of curing {@q1}
 f - a potion of degeneration {unknown}
 g - 5 potions of cancellation
 j - 4 potions of flight
 n - 3 potions of berserk rage
 r - a potion of brilliance {unknown}
 v - 3 potions of attraction
 x - 3 potions of mutation
 z - 5 potions of invisibility
 A - 3 potions of heal wounds {@q2}
 M - 4 potions of haste {@q3}
 O - a potion of magic
 U - a potion of might {@q4}


   Skills:
 + Level 14.1 Fighting
 - Level 14.0 Polearms
 - Level 10.0 Armour
 * Level 10.5 Shields
 - Level 5.0 Spellcasting
 - Level 4.8 Transmutations
 - Level 5.0 Fire Magic
 - Level 5.0 Evocations


You had 20 spell levels left.
You knew the following spells:

 Your Spells              Type           Power      Damage    Failure   Level
a - Scorch                Fire           30%        2d6       63%         2
b - Wereblood             Tmut           14%        N/A       65%         2

Your spell library contained the following spells:

 Spells                   Type           Power      Damage    Failure   Level
 Sting                    Tmut/Pois      32%        1d4       85%         1
 Passwall                 Tmut/Erth      6%         N/A       94%         2
 Magic Dart               Conj           12%        1d3       99%         1
 Sandblast                Erth           6%         2d5       99%         1
 Poisonous Vapours        Pois/Air       6%         N/A       99%         2
 Searing Ray              Conj           6%         2d4       99%         2
 Sublimation of Blood     Necr           3%         N/A       99%         2
 Inner Flame              Hex/Fire       9%         N/A       99%         3
 Gell's Gravitas          Tloc           3%         N/A       100%        3
 Hailstorm                Conj/Ice       3%         3d3       100%        3
 Ozocubu's Armour         Ice            3%         N/A       100%        3
 Stone Arrow              Conj/Erth      6%         3d7       100%        3
 Teleport Other           Tloc           3%         N/A       100%        3
 Flame Wave               Conj/Fire      9%         2d6       100%        4
 Fulminant Prism          Conj/Hex       1%         3d5       100%        4
 Ice Form                 Ice/Tmut       8%         N/A       100%        4
 Leda's Liquefaction      Hex/Erth       1%         N/A       100%        4
 Olgreb's Toxic Radiance  Pois           3%         N/A       100%        4
 Passage of Golubria      Tloc           3%         N/A       100%        4
 Sticky Flame             Conj/Fire      9%         2d3       100%        4
 Alistair's Intoxication  Tmut/Pois      5%         N/A       100%        5
 Borgnjor's Vile Clutch   Necr/Erth      1%         N/A       100%        5
 Lee's Rapid Deconstruct  Erth           1%         3d4*      100%        5
 Silence                  Hex/Air        1%         N/A       100%        5
 Dispersal                Tloc           1%         N/A       100%        6
 Eringya's Noxious Bog    Tmut/Pois      4%         N/A       100%        6
 Simulacrum               Ice/Necr       1%         N/A       100%        6
 Statue Form              Tmut/Erth      5%         N/A       100%        6
 Ozocubu's Refrigeration  Ice            1%         4d7       100%        7
 Summon Hydra             Summ           1%         N/A       100%        7
 Lehudib's Crystal Spear  Conj/Erth      1%         10d2      100%        8


Dungeon Overview and Level Annotations

Branches:
Dungeon (11/15)            Temple (0/1) D:5            Lair (5/5) D:9
 Shoals (0/4) Lair:2       Spider (0/4) Lair:2        Slime (0/5) Lair:5
 Bailey (visited)           IceCv (visited)
    Orc: D:9-12

Altars:
Elyvilon
Qazlal
Vehumet
The Shining One
Jiyva

Shops:
D:1 =   D:8 *   D:11 =

Annotations:
Lair:5 1 runed translucent door


Message History

You kill the black mamba!
You feel very sick. You block the hell hound's attack.
The hell hound breathes flames at you. The blast of flame misses you.
The blast of flame hits the hell hound.
The hell hound completely resists.
The hell hound bites you but does no damage.
You block the hell hound's attack. The hell hound closely misses you.
You impale the wyvern!!
The wyvern is severely wounded.
Your surroundings suddenly seem different.
An endoplasm comes into view.
You feel very sick.
The endoplasm quivers.
The death yak bellows! x3
Unknown command.
Okay, then.
Unknown command.
You feel better. You block the death yak's attack.
As you read the scroll of fear, it crumbles to dust.
You assume a fearsome visage.
The endoplasm looks frightened!
The death yak resists with some effort.
The death yak looks frightened! x3
The yak looks frightened!
You block the death yak's attack. You block the death yak's attack.
The death yak barely misses you.
Cornered, the death yak turns to fight!
The death yak gores you but does no damage.
The death yak attacks as you move away! You block the death yak's attack.
You feel yourself speed up.
The death yak seems to regain its courage.
You block the death yak's attack.
You rampage towards the death yak!
You hit the death yak.
The death yak is lightly wounded.
The death yak seems to regain its courage.
The death yak gores you!
* * * LOW HITPOINT WARNING * * *
You rampage towards the death yak!
You block the death yak's attack. The death yak gores you!
* * * LOW HITPOINT WARNING * * *
You block the death yak's attack. The death yak gores you!
You die...

#....#.....# #........##
## ##.....)..# #Y ##
#.........# .##.###
#.........#####...#...
.................#......
.P......P.##....P........
......######..#Y.........
P....# #...Y@........
....# #P..YY.......# ...
#...........##
###...........#
#............##
##.........###
##......##.# ##..#### ##
####


You could see 4 death yaks and a yak (fleeing).

Vanquished Creatures
  Kirke (Lair:3)
  A reaper (IceCv)
  An orc warlord (Bailey)
  The ghost of Lobster4 the Nimble, a journeyman MfIE of Okawaru (D:10)
  Erolcha (D:9)
  3 hydras
  A catoblepas (Lair:4)
  3 boulder beetles
  3 two-headed ogres
  9 death yaks
  A skyshark (Lair:4)
  A cyclops (D:11)
  3 elephants
  2 black mambas
  A molten gargoyle (Lair:5)
  2 ice statues (IceCv)
  12 cane toads
  A torpor snail (Lair:3)
  2 rime drakes (Lair:1)
  2 kobold demonologists (D:10)
  7 komodo dragons
  Psyche (D:11)
  5 ice devils (IceCv)
  2 hornets
  4 trolls
  2 burning bushes (Lair:1)
  A meliai (Lair:2)
  2 polar bears
  15 blink frogs
  A shadow (D:10)
  A spriggan (Lair:4)
  A wraith (D:11)
  A wyvern (Lair:4)
  47 yaks
  A vampire (D:11)
  3 hogs (Lair:3)
  4 basilisks
  3 death yak simulacra (IceCv)
  2 steam dragons
  Edmund (D:6)
  10 water moccasins
  A hydra simulacrum (IceCv)
  A hell hound (Lair:5)
  2 ice beasts
  4 orc warriors
  A sky beast (D:8)
  2 black bears
  An ogre (D:5)
  10 wolves
  4 centaurs
  8 kobold brigands
  A phantom (D:7)
  10 bullfrogs
  A cane toad simulacrum (IceCv)
  4 scorpions
  3 wights (D:8)
  A two-headed ogre simulacrum (IceCv)
  10 killer bees
  3 howler monkeys
  An electric eel (D:10)
  3 hounds
  A lava snake (Lair:5)
  2 orc priests
  A gnoll bouda (D:3)
  5 jellies
  Terence (D:2)
  Jessica (D:3)
  2 sleepcaps
  2 iguanas
  An orc wizard (D:11)
  4 spriggan simulacra (IceCv)
  5 troll simulacra (IceCv)
  2 wolf simulacra (IceCv)
  Robin (D:2)
  2 gnolls (Bailey)
  7 adders
  A shadow imp (D:5)
  A white imp (D:6)
  4 ufetubi
  A worm (D:2)
  5 dart slugs
  21 orcs
  4 ball pythons
  9 endoplasms
  2 giant cockroaches (D:3)
  18 hobgoblins
  11 jackals
  29 kobolds
  3 quokkas
  5 bats
  3 frilled lizards
  27 goblins
  A rat (D:1)
418 creatures vanquished.

Vanquished Creatures (others)
  2 bushes (Lair:5)
  34 fungi
  34 plants
70 creatures vanquished.

Grand Total: 488 creatures vanquished

Notes
Turn   | Place    | Note
-------+----------+-------------------------------------------
     0 | D:1      | Zenkrye the Human Cinder Acolyte began the quest for the
                  | Orb.
     0 | D:1      | Reached XP level 1. HP: 18/18 MP: 2/2
   137 | D:1      | Reached XP level 2. HP: 24/24 MP: 3/3
   140 | D:1      | Learned a level 2 spell: Scorch
   313 | D:1      | Reached XP level 3. HP: 29/29 MP: 4/4
   643 | D:1      | Found Peniop's Jewellery Boutique.
  1030 | D:2      | Noticed Terence
  1048 | D:2      | Killed Terence
  1049 | D:2      | Reached XP level 4. HP: 9/35 MP: 0/5
  1290 | D:2      | Noticed Robin
  1393 | D:2      | Reached skill level 5 in Polearms
  1586 | D:2      | Found a faded altar of an unknown god.
  1758 | D:2      | Reached XP level 5. HP: 38/41 MP: 3/6
  2218 | D:2      | Killed Robin
  2219 | D:2      | Reached XP level 6. HP: 47/47 MP: 0/7
  2325 | D:3      | Noticed Jessica
  2470 | D:3      | Killed Jessica
  3620 | D:5      | Entered Level 5 of the Dungeon
  3655 | D:5      | Noticed an ogre
  3673 | D:5      | Noticed a black bear
  3731 | D:5      | Reached XP level 7. HP: 50/52 MP: 3/8
  4288 | D:5      | Reached XP level 8. HP: 45/58 MP: 1/9
  4534 | D:5      | Found a staircase to the Ecumenical Temple.
  4593 | D:5      | Learned a level 2 spell: Wereblood
  5376 | D:6      | Noticed Edmund
  5396 | D:6      | Killed Edmund
  5397 | D:6      | Reached skill level 10 in Polearms
  5822 | D:6      | Reached skill level 1 in Armour
  5935 | D:6      | Reached XP level 9. HP: 65/65 MP: 3/10
  7207 | D:7      | Noticed a white ugly thing
  7207 | D:7      | Noticed a manticore
  7207 | D:7      | Noticed a troll
  7207 | D:7      | Noticed a troll
  7208 | D:7      | Noticed a manticore
  7335 | D:7      | Killed a troll
  7413 | D:8      | Found a stormy altar of Qazlal.
  7413 | D:8      | Found a radiant altar of Vehumet.
  7485 | D:8      | Reached skill level 5 in Fighting
  7507 | D:8      | Reached XP level 10. HP: 49/74 MP: 0/14
  7862 | D:8      | Reached skill level 5 in Fire Magic
  8077 | D:8      | Found Vearui Igut's Assorted Antiques.
  8135 | D:8      | Reached skill level 1 in Transmutations
  8583 | D:9      | Found a staircase to the Lair.
  8724 | D:9      | Found a white marble altar of Elyvilon.
  8749 | D:9      | Noticed a two-headed ogre
  8887 | D:9      | Noticed Erolcha
  8903 | D:9      | Killed Erolcha
  8904 | D:9      | Reached skill level 5 in Armour
  9020 | D:9      | Found a flagged portal.
  9027 | Bailey   | Entered a bailey
  9032 | Bailey   | Noticed an orc warlord
  9034 | Bailey   | Found the necklace of Bloodlust {Fury *Rage Will++ Int-3
                  | Slay+6}
  9128 | Bailey   | Found a runed translucent gate.
  9130 | Bailey   | Found a runed translucent gate.
  9178 | Bailey   | Found a runed translucent gate.
  9243 | Bailey   | Reached XP level 11. HP: 86/86 MP: 14/18
  9313 | Bailey   | Killed an orc warlord
  9314 | Bailey   | Reached skill level 5 in Spellcasting
  9519 | Bailey   | Reached XP level 12. HP: 97/97 MP: 19/19
  9610 | D:9      | Killed a two-headed ogre
 10020 | D:10     | Entered Level 10 of the Dungeon
 10036 | D:10     | Reached XP level 13. HP: 103/103 MP: 20/20
 10220 | D:10     | Reached skill level 10 in Fighting
 10265 | D:10     | Identified the ring of Misoan {rF+ rC+}
 10358 | D:10     | Found a glowing golden altar of the Shining One.
 10536 | D:10     | Found a runed translucent gate.
 10536 | D:10     | Found a runed translucent gate.
 10536 | D:10     | Found a runed translucent gate.
 10538 | D:10     | Noticed Lobster4's ghost (journeyman MfIE)
 10714 | D:10     | Killed Lobster4's ghost
 10715 | D:10     | Reached skill level 5 in Evocations
 11649 | D:1      | Bought the ring of Dim Light {rF+ rCorr Slay+5 SInv} for
                  | 778 gold pieces
 12073 | D:11     | Found Hecwer's Jewellery Boutique.
 12154 | D:11     | Noticed Psyche
 12157 | D:11     | Killed Psyche
 12399 | Lair:1   | Entered Level 1 of the Lair of Beasts
 12452 | Lair:1   | HP: 5/106 [yak (10)]
 12718 | Lair:1   | Found a transporter.
 13093 | Lair:1   | Found a frozen archway.
 13104 | IceCv    | Entered an ice cave
 13646 | IceCv    | Noticed a reaper
 13669 | IceCv    | Killed a reaper
 13670 | IceCv    | Reached skill level 10 in Armour
 14048 | Lair:1   | Reached skill level 1 in Shields
 14048 | Lair:1   | Reached XP level 14. HP: 51/115 MP: 21/21
 14520 | Lair:1   | Found a transporter.
 14933 | Lair:2   | Found a staircase to the Shoals.
 15384 | Lair:2   | Found a hole to the Spider Nest.
 15949 | Lair:3   | Reached skill level 5 in Shields
 16543 | Lair:3   | Noticed Kirke
 16561 | Lair:3   | Killed Kirke
 17524 | Lair:4   | You fall into a shaft and drop 1 floor!
 17524 | Lair:5   | Entered Level 5 of the Lair of Beasts
 18579 | Lair:4   | Reached XP level 15. HP: 125/125 MP: 22/22
 19160 | Lair:4   | Reached skill level 10 in Shields
 19693 | Lair:5   | Found a staircase to the Slime Pits.
 19719 | Lair:5   | Found a viscous altar of Jiyva.
 19860 | Lair:5   | Found a large runed translucent door.
 19901 | Lair:5   | Slain by a death yak

Illustrated notes

Levels and vault maps discovered:
D:1:      dpeg_arrival_tiny_a, layout_loops_ring, serial_shops, shop_fountains
D:2:      cheibrodos_greedy_goblins, layout_basic,
          shapermc_ecumenical_altar_mp_vishouse, uniq_robin, uniq_terence
D:3:      layout_basic, uniq_jessica
D:4:      layout_rooms, kennysheep_donut, minmay_vboxes
D:5:      layout_loops_ring, minmay_temple_entry_antechambers, serial_rivers,
          chequers_serial_rivers_small_a, chequers_serial_rivers_small_3,
          chequers_serial_rivers_micro_a, chequers_serial_rivers_micro_e
D:6:      layout_loops_cross, chequers_serial_rivers_micro_e,
          minmay_chambers_of_fives, uniq_edmund
D:7:      minmay_the_grid_octo_triangle [minmay_the_grid_octo_thin_diamonds,
          minmay_the_grid_octo_prize_square_snowflake,
          minmay_the_grid_octo_empty], layout_loops_cross
D:8:      layout_loops_corners, mainiacjoe_overflow_divided_tiny, serial_shops,
          shop
D:9:      layout_small_grid, elyvilon_altar_3, lair_entry_dummy, enter_bailey_3,
          uniq_erolcha
D:10:     layout_roguey, nicolae_tso_swordbearing_angel,
          gammafunk_ghost_nasty_kobolds, hive_lemuel
D:11:     layout_loops_ring, serial_shops, nicolae_shop_crystal, uniq_psyche
Lair:1:   gammafunk_boulding_lane, layout_regular_city,
          portal_ice_cave_entry_pillars_1, evilmike_ambush
          [evilmike_ambush_outer_doors, evilmike_ambush_inner_wall_2],
          infiniplex_staircase_pool_2
Lair:2:   layout_regular_city, shoals_dummy_entry,
          hellmonk_spider_entry_not_the_bees
Lair:3:   layout_cave_pods, uniq_kirke
Lair:4:   layout_gridlike, wad_woods_03
Lair:5:   cheibrodos_lair_end_hotspot, layout_cave_pods,
          nicolae_slime_entry_slimehenge

Skill      XL: |  1  2  3  4  5  6  7  8  9 10 11 12 13 14 15 |
---------------+----------------------------------------------+-----
Polearms       | 4 5 6 7 8 10 11 13 14 | 14.0
Armour         | 2 4 5 6 10 | 10.0
Fighting       | 5 7 9 12 13 14 | 14.1
Spellcasting   | 2 4 5 |  5.0
Fire Magic     | 4 5 |  5.0
Transmutations | 3 4 |  4.8
Evocations     | 4 5 |  5.0
Shields        | 1 9 10 | 10.5

Action                     |  1- 3 |  4- 6 |  7- 9 | 10-12 | 13-15 || total
---------------------------+-------+-------+-------+-------+-------++-------
  Melee: Spear             |   110 |   276 |   227 |   241 |   390 ||  1244
         Punch             |     2 |     3 |       |     4 |     4 ||    13
         Trident           |       |       |       |       |   554 ||   554
  Throw: Boomerang         |     1 |     2 |    20 |    13 |    62 ||    98
         Dart              |       |       |       |     4 |       ||     4
   Cast: Scorch            |     3 |    21 |    75 |    20 |       ||   119
         Wereblood         |       |       |     2 |     8 |     1 ||    11
  Evoke: Wand              |       |     1 |     1 |     4 |     2 ||     8
    Use: Scroll            |     3 |     8 |    11 |     4 |    14 ||    40
         Potion            |       |     1 |     3 |     3 |    13 ||    20
   Stab: Paralysed         |       |       |     5 |       |       ||     5
         Invisible         |       |       |       |     2 |       ||     2
 Armour: Robe              |    10 |       |       |       |       ||    10
         Ring mail         |    16 |    89 |    97 |    62 |       ||   264
         Skin              |       |       |       |    18 |       ||    18
         Plate armour      |       |       |       |     5 |   394 ||   399
  Dodge: Dodged            |    39 |   111 |    98 |    48 |   162 ||   458
  Block: Kite shield       |       |       |       |       |   265 ||   265
         Tower shield      |       |       |       |       |     2 ||     2

Table legend: (Time is in decaauts)
 A = Elapsed time spent in this place.
 B = Non-inter-level travel time spent in this place.
 C = Inter-level travel time spent in this place.
 D = Time resting spent in this place.
 E = Time spent auto-exploring this place.
 F = Levels seen in this place.
 G = Mean time per level.
                   A        B        C        D        E       F      G
               +--------+--------+--------+--------+--------+-----+--------+
         Total |  20027 |  18517 |   1510 |   3659 |  11158 |  18 | 1112.6 |
       Dungeon |  11952 |  10951 |   1001 |   1608 |   7475 |  11 | 1086.5 |
          Lair |   6753 |   6245 |    508 |   1412 |   3543 |   5 | 1350.6 |
        Bailey |    478 |    478 |      0 |    173 |      7 |   1 |  478.0 |
      Ice Cave |    843 |    843 |      0 |    464 |    132 |   1 |  843.0 |
               +--------+--------+--------+--------+--------+-----+--------+

Top non-repeatable levels by time:
  Lair:4: 2142 daAuts
     D:6: 1804 daAuts
  Lair:1: 1477 daAuts
  Lair:3: 1476 daAuts
     D:2: 1297 daAuts
    D:10: 1237 daAuts
     D:5: 1227 daAuts
     D:8: 1175 daAuts
     D:9: 1154 daAuts
     D:1: 1085 daAuts
  Lair:2: 894 daAuts
   IceCv: 843 daAuts
    D:11: 835 daAuts
  Lair:5: 763 daAuts
     D:7: 728 daAuts
